BR (22 & UNDER)
SAN FRANCISCO MACHO MEN @ PITTSBURGH KILLA BEEZ
07/22/2028
 
TOP OF THE 1ST
San Francisco Macho Men batting - Pitching for Pittsburgh Killa Beez : RHP José Hernández
Pitching: RHP José Hernández
Batting: RHB Júlio Serra 0-0: Ball
1-0: Ball
2-0: Foul Ball, location: 2F
2-1: SOLO HOME RUN (Line Drive, 7D) (Inside the Park)
Batting: LHB Ángel De Jesús 0-0: Foul Ball, location: 2F
0-1: Ball
1-1: Foul Ball, location: 2F
1-2: Ball
2-2: Ball
3-2: Foul Ball, location: 2F
3-2: SOLO HOME RUN (Flyball, 7LD), Distance : 354 ft
Batting: LHB Ernesto Hernández 0-0: Swinging Strike
0-1: Foul Ball, location: 2F
0-2: Ball
1-2: Ball
2-2: Foul Ball, location: 2F
2-2: Strikes out looking
Batting: RHB Ánibal López 0-0: SINGLE (Groundball, 34D)
Batting: RHB Phil Rowlett 0-0: Ball
1-0: Foul Ball, location: 2F
1-1: Foul Ball, location: 2F
1-2: DOUBLE (Line Drive, 7)
Ánibal López to third
Batting: RHB Dean Oglethorpe 0-0: Fly out, F7 (Flyball, 7S)
Batting: RHB Bob Jones 0-0: Foul Ball, location: 2F
0-1: Called Strike
0-2: Ball
1-2: Foul Ball, location: 2F
1-2: Foul Ball, location: 2F
1-2: Ball
2-2: Ball
3-2: Strikes out swinging
Top of the 1st over - 2 run(s), 4 hit(s), 0 error(s), 2 left on base; San Francisco 2 - Pittsburgh 0
BOTTOM OF THE 1ST
Pittsburgh Killa Beez batting - Pitching for San Francisco Macho Men : RHP José Zamora
Pitching: RHP José Zamora
Batting: RHB José Mindoro 0-0: Fly out, F9 (Flyball, 9)
Batting: RHB Inęs Kappes 0-0: Foul Ball, location: 2F
0-1: SINGLE (Groundball, 56D)
Batting: LHB Carlos Gutiérrez 0-0: Called Strike
0-1: Ball
1-1: Called Strike
1-2: Reached on error, E5 (Groundball, 5)
Inęs Kappes to second
Batting: RHB José Deleón 0-0: Fly out, F4 (Line Drive, 4M)
Batting: LHB Paco Gálvez 0-0: Ball
1-0: SINGLE (Line Drive, 9S)
Inęs Kappes to third
Carlos Gutiérrez to second
Runner from 3rd tries for Home, SAFE, no throw
Batting: LHB José Cantú 0-0: Fly out, F8 (Flyball, 8RM)
Bottom of the 1st over - 1 run(s), 2 hit(s), 1 error(s), 2 left on base; San Francisco 2 - Pittsburgh 1
TOP OF THE 2ND
San Francisco Macho Men batting - Pitching for Pittsburgh Killa Beez : RHP José Hernández
Batting: RHB Lawrence Pérez 0-0: Ball
1-0: Called Strike
1-1: Ball
2-1: Foul Ball, location: 2F
2-2: Strikes out looking
Batting: RHB Daniel Bennett 0-0: Called Strike
0-1: Fly out, F9 (Flyball, 89S)
Batting: RHB Júlio Serra 0-0: Ball
1-0: Called Strike
1-1: Foul Ball, location: 2F
1-2: Strikes out swinging
Top of the 2nd over - 0 run(s), 0 hit(s), 0 error(s), 0 left on base; San Francisco 2 - Pittsburgh 1
BOTTOM OF THE 2ND
Pittsburgh Killa Beez batting - Pitching for San Francisco Macho Men : RHP José Zamora
Batting: SHB Enrique Bartoccini 0-0: Called Strike
0-1: Foul Ball, location: 2F
0-2: Ball
1-2: Ball
2-2: Strikes out swinging
Batting: RHB Alonso Sacco 0-0: Ground out 5-3 (Groundball, 56S)
Batting: LHB Argaw Mwita 0-0: Called Strike
0-1: Ball
1-1: Fly out, F8 (Flyball, 8LS)
Bottom of the 2nd over - 0 run(s), 0 hit(s), 0 error(s), 0 left on base; San Francisco 2 - Pittsburgh 1
TOP OF THE 3RD
San Francisco Macho Men batting - Pitching for Pittsburgh Killa Beez : RHP José Hernández
Batting: LHB Ángel De Jesús 0-0: Swinging Strike
0-1: Fly out, F7 (Flyball, 7)
Batting: LHB Ernesto Hernández 0-0: Called Strike
0-1: Ball
1-1: Ground out 1-3 (Groundball, 13S)
Batting: RHB Ánibal López 0-0: Swinging Strike
0-1: Foul Ball, location: 2F
0-2: Strikes out swinging
Top of the 3rd over - 0 run(s), 0 hit(s), 0 error(s), 0 left on base; San Francisco 2 - Pittsburgh 1
BOTTOM OF THE 3RD
Pittsburgh Killa Beez batting - Pitching for San Francisco Macho Men : RHP José Zamora
Batting: RHB José Mindoro 0-0: Called Strike
0-1: Ball
1-1: SINGLE (Flyball, 78M)
Batting: RHB Inęs Kappes 0-0: DOUBLE (Line Drive, 5D)
José Mindoro to third
Batting: LHB Carlos Gutiérrez 0-0: SINGLE (Line Drive, 4)
José Mindoro scores
Inęs Kappes to third
Runner from 3rd tries for Home, SAFE, no throw
Batting: RHB José Deleón 0-0: Ball
1-0: Called Strike
1-1: Ball
2-1: Foul Ball, location: 2F
2-2: Ball
3-2: Foul Ball, location: 2F
3-2: Fly out, F9 (Flyball, 89M)
Batting: LHB Paco Gálvez 0-0: Fielders Choice at 2nd, 4-6 (Groundball, 4)
Batting: LHB José Cantú 0-0: Foul Ball, location: 2F
0-1: Ball
Paco Gálvez steals 2nd base
1-1: Foul Ball, location: 2F
1-2: Fly out, F8 (Line Drive, 8RM)
Bottom of the 3rd over - 2 run(s), 3 hit(s), 0 error(s), 1 left on base; San Francisco 2 - Pittsburgh 3
TOP OF THE 4TH
San Francisco Macho Men batting - Pitching for Pittsburgh Killa Beez : RHP José Hernández
Batting: RHB Phil Rowlett 0-0: Ball
1-0: Ball
2-0: SOLO HOME RUN (Flyball, 8LXD), Distance : 424 ft
Batting: RHB Dean Oglethorpe 0-0: Called Strike
0-1: Ball
1-1: Foul Ball, location: 2F
1-2: DOUBLE (Line Drive, 7LM)
Batting: RHB Bob Jones 0-0: Ball
1-0: Foul Ball, location: 2F
1-1: Swinging Strike
1-2: Foul Ball, location: 2F
1-2: Ball
2-2: Fly out, F8 (Flyball, 8LS)
Batting: RHB Lawrence Pérez 0-0: Ball
1-0: Foul Ball, location: 2F
1-1: Fly out, F8 (Flyball, 8LD)
Runner from 2nd tags up, SAFE at 3rd, no throw
Batting: RHB Daniel Bennett 0-0: Foul Ball, location: 2F
0-1: Swinging Strike
0-2: Foul Ball, location: 2F
0-2: Ball
1-2: Strikes out swinging
Top of the 4th over - 1 run(s), 2 hit(s), 0 error(s), 1 left on base; San Francisco 3 - Pittsburgh 3
BOTTOM OF THE 4TH
Pittsburgh Killa Beez batting - Pitching for San Francisco Macho Men : RHP José Zamora
Batting: SHB Enrique Bartoccini 0-0: Ball
1-0: Called Strike
1-1: Ball
2-1: Ball
3-1: Foul Ball, location: 2F
3-2: SINGLE (Line Drive, 7LM)
Batting: RHB Alonso Sacco 0-0: Grounds into double play, 6-4-3 (Groundball, 6)
Batting: LHB Argaw Mwita 0-0: SINGLE (Line Drive, 4MD)
Batting: RHB José Mindoro 0-0: Called Strike
0-1: Ball
1-1: Ball
2-1: Ball
3-1: Ground out 1-3 (Groundball, 15S)
Bottom of the 4th over - 0 run(s), 2 hit(s), 0 error(s), 1 left on base; San Francisco 3 - Pittsburgh 3
TOP OF THE 5TH
San Francisco Macho Men batting - Pitching for Pittsburgh Killa Beez : RHP José Hernández
Batting: RHB Júlio Serra 0-0: Foul Ball, location: 2F
0-1: Fly out, F8 (Line Drive, 8RM)
Batting: LHB Ángel De Jesús 0-0: Called Strike
0-1: Foul Ball, location: 2F
0-2: Ball
1-2: SINGLE (Groundball, 34D)
Batting: LHB Ernesto Hernández 0-0: Ball
1-0: Ball
2-0: Called Strike
2-1: Foul Ball, location: 2F
2-2: SINGLE (Groundball, 6MD)
Ángel De Jesús to second
Pitching: RHP Fernando Barrios
Batting: RHB Ánibal López 0-0: 3-RUN HOME RUN (Flyball, 9D), Distance : 340 ft
Batting: RHB Phil Rowlett 0-0: Called Strike
0-1: Ball
1-1: Reached on error, E5 (Groundball, 56)
Batting: RHB Dean Oglethorpe 0-0: Intentional Walk
Batting: RHB Bob Jones 0-0: Swinging Strike
0-1: Called Strike
0-2: Ball
1-2: Fly out, F5 (Line Drive, 5L)
Batting: RHB Lawrence Pérez 0-0: Ball
1-0: Called Strike
1-1: Fly out, F3 (Popup, 3L)
Top of the 5th over - 3 run(s), 3 hit(s), 1 error(s), 2 left on base; San Francisco 6 - Pittsburgh 3
BOTTOM OF THE 5TH
Pittsburgh Killa Beez batting - Pitching for San Francisco Macho Men : RHP José Zamora
Batting: RHB Inęs Kappes 0-0: Fly out, F7 (Line Drive, 7LM)
Batting: LHB Carlos Gutiérrez 0-0: Fly out, F9 (Flyball, 9LM)
Batting: RHB José Deleón 0-0: Ground out 6-3 (Groundball, 6)
Bottom of the 5th over - 0 run(s), 0 hit(s), 0 error(s), 0 left on base; San Francisco 6 - Pittsburgh 3
TOP OF THE 6TH
San Francisco Macho Men batting - Pitching for Pittsburgh Killa Beez : RHP Fernando Barrios
Batting: RHB Daniel Bennett 0-0: Called Strike
0-1: Ball
1-1: Ball
2-1: Ball
3-1: Called Strike
3-2: Base on Balls
Batting: RHB Júlio Serra 0-0: Ball
1-0: Foul Ball, location: 2F
1-1: Foul Ball, location: 2F
1-2: DOUBLE (Groundball, 5L)
Daniel Bennett to third
Runner from 3rd tries for Home, SAFE, no throw
Pitching: LHP Santiago Arredondo
Batting: LHB Ángel De Jesús 0-0: Ground out U3 (Groundball, 34)
Júlio Serra to third
Batting: LHB Ernesto Hernández 0-0: Intentional Walk
Batting: RHB Ánibal López 0-0: 3-RUN HOME RUN (Line Drive, 7D), Distance : 389 ft
Batting: RHB Phil Rowlett 0-0: Ball
1-0: Fly out, F8 (Flyball, 89XD)
Batting: RHB Dean Oglethorpe 0-0: Called Strike
0-1: Foul Ball, location: 2F
0-2: Ball
1-2: Foul Ball, location: 2F
1-2: SINGLE (Groundball, 6MD)
Batting: RHB Bob Jones 0-0: Ball
1-0: Called Strike
1-1: Fly out, F8 (Flyball, 8RD)
Top of the 6th over - 4 run(s), 3 hit(s), 0 error(s), 1 left on base; San Francisco 10 - Pittsburgh 3
BOTTOM OF THE 6TH
Pittsburgh Killa Beez batting - Pitching for San Francisco Macho Men : RHP José Zamora
Batting: LHB Paco Gálvez 0-0: Ball
1-0: Foul Ball, location: 2F
1-1: Ball
2-1: Ball
3-1: Foul Ball, location: 2F
3-2: Strikes out swinging
Batting: LHB José Cantú 0-0: Ground out U3 (Groundball, 34S)
Batting: SHB Enrique Bartoccini 0-0: SINGLE (Groundball, 34D)
Batting: RHB Alonso Sacco 0-0: Swinging Strike
0-1: Called Strike
0-2: Strikes out swinging
Bottom of the 6th over - 0 run(s), 1 hit(s), 0 error(s), 1 left on base; San Francisco 10 - Pittsburgh 3
TOP OF THE 7TH
San Francisco Macho Men batting - Pitching for Pittsburgh Killa Beez : LHP Santiago Arredondo
Batting: RHB Lawrence Pérez 0-0: Ball
1-0: Called Strike
1-1: Called Strike
1-2: Foul Ball, location: 2F
1-2: Strikes out swinging
Batting: RHB Daniel Bennett 0-0: Ball
1-0: Called Strike
1-1: Foul Ball, location: 2F
1-2: Fly out, F8 (Line Drive, 8RM)
Batting: RHB Júlio Serra 0-0: Called Strike
0-1: Swinging Strike
0-2: Ball
1-2: Ball
2-2: Single, Error in OF, E9, batter to second base
Batting: LHB Ángel De Jesús 0-0: Ball
1-0: Swinging Strike
1-1: Swinging Strike
1-2: Strikes out swinging
Top of the 7th over - 0 run(s), 1 hit(s), 1 error(s), 1 left on base; San Francisco 10 - Pittsburgh 3
BOTTOM OF THE 7TH
Pittsburgh Killa Beez batting - Pitching for San Francisco Macho Men : RHP José Zamora
Batting: LHB Argaw Mwita 0-0: Ball
1-0: Swinging Strike
1-1: Foul Ball, location: 2F
1-2: Ball
2-2: Foul Ball, location: 2F
2-2: Ball
3-2: Fly out, F8 (Flyball, 8LM)
Batting: RHB José Mindoro 0-0: Called Strike
0-1: Called Strike
0-2: Reached on error, E5 (Groundball, 5)
Batting: RHB Inęs Kappes 0-0: Called Strike
0-1: SINGLE (Line Drive, 56)
José Mindoro to second
Batting: LHB Carlos Gutiérrez 0-0: Foul Ball, location: 2F
0-1: Called Strike
Throwing error on steal attempt, E2
José Mindoro scores
Inęs Kappes to third
0-2: Ground out 4-3 (Groundball, 4S)
Inęs Kappes scores
Pitching: RHP José Amaya
Batting: RHB José Deleón 0-0: Ball
1-0: Ball
2-0: Ball
3-0: Base on Balls
Batting: LHB Paco Gálvez 0-0: Foul Ball, location: 2F
0-1: Ball
1-1: Fly out, F6 (Popup, 6D)
Bottom of the 7th over - 2 run(s), 1 hit(s), 2 error(s), 1 left on base; San Francisco 10 - Pittsburgh 5
TOP OF THE 8TH
San Francisco Macho Men batting - Pitching for Pittsburgh Killa Beez : LHP Santiago Arredondo
Pitching: RHP Roberto Pérez
Batting: LHB Ernesto Hernández 0-0: Ball
1-0: Ball
2-0: Called Strike
2-1: Foul Ball, location: 2F
2-2: Strikes out looking
Batting: RHB Ánibal López 0-0: Fly out, F7 (Flyball, 7S)
Batting: RHB Phil Rowlett 0-0: Foul Ball, location: 2F
0-1: Fly out, F7 (Flyball, 7)
Top of the 8th over - 0 run(s), 0 hit(s), 0 error(s), 0 left on base; San Francisco 10 - Pittsburgh 5
BOTTOM OF THE 8TH
Pittsburgh Killa Beez batting - Pitching for San Francisco Macho Men : RHP José Amaya
Now at 1B: Nelson Burton
Now in CF: Bartolo Baruffaldi
Batting: LHB José Cantú 0-0: Ball
1-0: Foul Ball, location: 2F
1-1: Called Strike
1-2: SINGLE (Line Drive, 8LS)
Batting: SHB Enrique Bartoccini 0-0: Ball
1-0: Ball
2-0: Fly out, F7 (Line Drive, 7)
Batting: RHB Alonso Sacco 0-0: Ball
1-0: Ball
2-0: Grounds into double play, 4-6-3 (Groundball, 4)
Bottom of the 8th over - 0 run(s), 1 hit(s), 0 error(s), 0 left on base; San Francisco 10 - Pittsburgh 5
TOP OF THE 9TH
San Francisco Macho Men batting - Pitching for Pittsburgh Killa Beez : RHP Roberto Pérez
Batting: RHB Dean Oglethorpe 0-0: Ball
1-0: Called Strike
1-1: Swinging Strike
1-2: Ball
2-2: Foul Ball, location: 2F
2-2: Strikes out swinging
Batting: RHB Bob Jones 0-0: Ball
1-0: Ball
2-0: Ball
3-0: Base on Balls
Batting: RHB Lawrence Pérez 0-0: Swinging Strike
0-1: Swinging Strike
0-2: Ball
1-2: Fly out, F8 (Flyball, 8RD)
Batting: RHB Daniel Bennett 0-0: SINGLE (Line Drive, 3D)
Bob Jones to second
Runner from 2nd tries for 3rd, OUT!
Top of the 9th over - 0 run(s), 1 hit(s), 0 error(s), 1 left on base; San Francisco 10 - Pittsburgh 5
BOTTOM OF THE 9TH
Pittsburgh Killa Beez batting - Pitching for San Francisco Macho Men : RHP José Amaya
Now at 2B: Armando Alomar
Batting: LHB Argaw Mwita 0-0: SINGLE (Line Drive, 9S)
Batting: RHB José Mindoro 0-0: Fly out, F9 (Flyball, 9LM)
Batting: RHB Inęs Kappes 0-0: Ball
1-0: Grounds into double play, 6-4-3 (Groundball, 6)
Bottom of the 9th over - 0 run(s), 1 hit(s), 0 error(s), 0 left on base; San Francisco 10 - Pittsburgh 5
Tuesday, August 8th, 2017 - OOTP Baseball 17.12 Build 75